 Dungeon Crawl Stone Soup version 0.30.1-11-g7821555f0a (webtiles) character file.

Game seed: 8330963858493201376

365050 monsoonserge the Eclecticist (level 23, -13/186 HPs)
             Began as a Djinni Venom Mage on Nov 7, 2023.
             Was a High Priest of Ashenzari.
             Killed from afar by a titan (31 damage)
             ... with a bolt of lightning
             ... on level 5 of the Vaults on Nov 10, 2023.
             The game lasted 05:45:18 (35662 turns).

monsoonserge the Eclecticist (Djinni Venom Mage)   Turns: 35662, Time: 05:45:19

Health: -13/186    AC: 14    Str:  8    XL:     23   Next: 58%
Gold:   2920       EV: 19    Int: 34    God:    Ashenzari [*****.] SH: 22 Dex: 17

rFire   + + .        R - +8 morningstar of the Chained Visionary {freeze, Str+4 Int+3 Stlth+, Self, Cun} (curse)
rCold   + + +        A - +1 tower shield of the Fated Fanaticism {rC+, Self, Range} (curse)
rNeg    + + .        I - +0 troll leather armour "Ruined Together" {Regen+, Range, Self} (curse)
rPois   ∞            a - +1 hat "Gaze Upon Infinity" {Will+, Self, Range} (curse)
rElec   .            f - +1 cloak of the Ruined Secrets {Evo, Fort} (curse)
rCorr   .            Z - +0 pair of gloves of Action {rN++ Str-3}
SInv    +            (boots unavailable)
Will    +++..        t - amulet "Esoteric Malaise" {Regen+, Cun, Fort} (curse)
Stlth   +++++        i - ring "At What Cost Knowledge?" {Int+6, Cun, Self} (curse)
HPRegen 2.11/turn    X - ring "Cursed With Me" {Drain rC+++ AC+4 SInv Stlth-, Self, Fort} (curse)
MPRegen 0.00/turn

%: clarity, infuse magic (-14 HP)
@: flying
A: sickness immunity, fire resistance 2, cold vulnerability 1, float, innate
caster, HP casting, extra vitality 1
}: 2/15 runes: decaying, gossamer
a: Renounce Religion, Curse Item, Shatter the Chains


You were on level 5 of the Vaults.
You worshipped Ashenzari.
Ashenzari was extremely pleased with you.
You visited 8 branches of the dungeon, and saw 38 of its levels.
You also visited: Gauntlet and Ice Cave.

You collected 3889 gold pieces.
You spent 969 gold pieces at shops.

Inventory:

Hand Weapons
 J - the +10 dark maul {heavy}
   (You found it on level 8 of the Dungeon)
 R - the cursed +8 morningstar of the Chained Visionary (weapon) {freeze, Str+4 Int+3 Stlth+, Self, Cun}
   (You took it off a minotaur in a Gauntlet)

   Str:       It affects your strength (+4).
   Int:       It affects your intelligence (+3).
   Stlth:     It makes you more stealthy.
   It has a curse which improves the following skills: Introspection: Fighting
   and Spellcasting.
   Cunning:   Dodging and Stealth.
Missiles
 n - 6 datura-tipped darts
 s - 2 boomerangs of dispersal
 x - 6 silver javelins
 y - 20 javelins (quivered)
 C - 2 throwing nets
 D - 9 silver boomerangs
 E - 3 atropa-tipped darts
 H - 8 curare-tipped darts
Armour
 a - the cursed +1 hat "Gaze Upon Infinity" (worn) {Will+, Self, Range}
   (You found it on level 4 of the Spider Nest)

   It has a curse which improves the following skills: Introspection: Fighting
   and Spellcasting.
   Ranged Combat: Ranged Weapons and Throwing.
 f - the cursed +1 cloak of the Ruined Secrets (worn) {Evo, Fort}
   (You bought it in a shop on level 2 of the Orcish Mines)

   It has a curse which improves the following skills: Evocations: Evocations.
   Fortitude: Armour and Shields.
 A - the cursed +1 tower shield of the Fated Fanaticism (worn) {rC+, Self, Range}
   (You found it in an ice cave)

   It has a curse which improves the following skills: Introspection: Fighting
   and Spellcasting.
   Ranged Combat: Ranged Weapons and Throwing.
 B - the +1 leather armour "Bobraj" {Will+++ Str-4 SInv Stlth+}
   (You found it on level 3 of the Spider Nest)

   Str:       It affects your strength (-4).
   SInv:      It lets you see invisible.
   Will:      It greatly increases your willpower.
   Stlth:     It makes you more stealthy.
 I - the cursed +0 troll leather armour "Ruined Together" (worn) {Regen+, Range, Self}
   (You found it on level 7 of the Dungeon)

   Regen:     It increases your rate of health regeneration.
   It has a curse which improves the following skills: Ranged Combat: Ranged
   Weapons and Throwing.
   Introspection: Fighting and Spellcasting.
 O - a +2 robe of resistance
 Q - a +1 robe of the Archmagi
 Y - the -2 cloak of the Unbroken {rN+}
   (You found it on level 3 of the Spider Nest)

   rN:        It protects you from negative energy.
 Z - the +0 pair of gloves of Action (worn) {rN++ Str-3}
   (You found it on level 4 of the Vaults)

   Str:       It affects your strength (-3).
   rN:        It greatly protects you from negative energy.
Jewellery
 i - the cursed ring "At What Cost Knowledge?" (left hand) {Int+6, Cun, Self}
   (You found it on level 2 of the Dungeon)

   [ring of intelligence]

   Int:       It affects your intelligence (+6).
   It has a curse which improves the following skills: Cunning: Dodging and
   Stealth.
   Introspection: Fighting and Spellcasting.
 t - the cursed amulet "Esoteric Malaise" (around neck) {Regen+, Cun, Fort}
   (You found it on level 3 of the Dungeon)

   [amulet of regeneration]

   Regen:     It increases your rate of health regeneration.
   It has a curse which improves the following skills: Cunning: Dodging and
   Stealth.
   Fortitude: Armour and Shields.
 U - the ring of Tots {Fly Will++}
   (You found it on level 4 of the Vaults)

   [ring of flight]

   Fly:       It grants you flight.
   Will:      It greatly increases your willpower.
 X - the cursed ring "Cursed With Me" (right hand) {Drain rC+++ AC+4 SInv Stlth-, Self, Fort}
   (You bought it in a shop on level 2 of the Orcish Mines)

   [ring of protection]

   AC:        It affects your AC (+4).
   rC:        It renders you almost immune to cold.
   SInv:      It lets you see invisible.
   Drain:     It drains your maximum health when unequipped.
   Stlth:     It makes you less stealthy.
   It has a curse which improves the following skills: Introspection: Fighting
   and Spellcasting.
   Fortitude: Armour and Shields.
Wands
 j - a wand of paralysis (41)
 o - a wand of polymorph (11)
 r - a wand of mindburst (36)
 u - a wand of roots (36)
 P - a wand of acid (5)
 S - a wand of digging (12)
Scrolls
 b - 12 scrolls of teleportation
 e - 6 scrolls of fear
 h - 9 scrolls of fog
 m - 6 scrolls of magic mapping
 p - 2 scrolls of immolation
 q - a scroll of silence
 w - 6 scrolls of vulnerability
 K - 7 scrolls of enchant armour
 T - 5 scrolls of poison
 V - 6 scrolls of blinking
Potions
 c - 4 potions of might
 d - 8 potions of mutation
 k - a potion of resistance
 l - 15 potions of ambrosia
 v - 8 potions of lignification
 z - 8 potions of invisibility
 F - 5 potions of brilliance
 G - 8 potions of haste
 L - 6 potions of cancellation
 N - 13 potions of curing
Miscellaneous
 W - a condenser vane


   Skills:
 * Level 15.5(22.1) Fighting
 - Level 2.0(2.3) Short Blades
 - Level 1.8(2.3) Long Blades
 + Level 13.7 Maces & Flails
 + Level 2.2(5.3) Throwing
 + Level 6.1(10.2) Armour
 + Level 11.9(16.0) Dodging
 + Level 9.3(13.4) Stealth
 + Level 14.9(19.0) Shields
 - Level 19.2(25.6) Spellcasting
 - Level 1.3 Invocations
 + Level 5.0(7.1) Evocations


You knew the following spells:

 Your Spells              Type           Power      Damage    Failure   Level
a - Sting                 Tmut/Pois      100%       1d8       0%          1
b - Poisonous Vapours     Pois/Air       100%       N/A       0%          2
c - Mephitic Cloud        Conj/Pois/Air  100%       N/A       0%          3
d - Olgreb's Toxic Radia  Pois           100%       N/A       0%          4
e - Foxfire               Conj/Fire      100%       2x1d9     0%          1
f - Blink                 Tloc           100%       N/A       0%          2
g - Confusing Touch       Hex            100%       N/A       0%          3
h - Summon Guardian Gole  Hex/Summ       100%       N/A       0%          3
i - Animate Dead          Necr           100%       N/A       0%          4
j - Arcjolt               Conj/Air       60%        1d70      0%          5
k - Summon Cactus Giant   Summ           60%        N/A       0%          6
l - Orb of Destruction    Conj           60%        9d15      1%          7
m - Haunt                 Necr/Summ      60%        N/A       1%          7
n - Enfeeble              Hex            60%        N/A       1%          7
o - Summon Hydra          Summ           60%        N/A       1%          7
Your spell library was empty.

Dungeon Overview and Level Annotations

Branches:
Dungeon (15/15)            Temple (1/1) D:6            Lair (5/5) D:8
  Swamp (4/4) Lair:3       Spider (4/4) Lair:2        Slime (0/5) Lair:5
    Orc (2/2) D:11            Elf (0/3) Orc:2        Vaults (5/5) D:13
  Crypt (2/3) Vaults:2     Depths (0/4) D:15          IceCv (visited)
Gauntlet (visited)

Altars:
Ashenzari
Cheibriados
Dithmenos
Elyvilon
Fedhas
Gozag
Hepliaklqana
Makhleb
Nemelex Xobeh
Okawaru
Qazlal
Ru
Trog
Uskayaw
Wu Jian
Xom
Yredelemnul
Zin
The Shining One

Shops:
D:6 =   Orc:1 *   Orc:2 ??[=   Vaults:1 :

Portals:
Hell: Lair:5
Pandemonium: Orc:2


Innate Abilities, Weirdness & Mutations

You are immune to sickness and miasma.
You are immune to poison.
Your flesh is very heat resistant. (rF++)
You are vulnerable to cold. (rC-)
You float through the air rather than walking.
You learn spells naturally, not from books.
Your magical power is your life essence.
You have superior vitality. (+4 MHP)


Message History

Your tengu reaver zombie barely misses the titan.
Your vault guard zombie is engulfed in blazing flames.
Your four-headed hydra bites the yaktaur captain!
Your four-headed hydra closely misses the yaktaur captain.
Your four-headed hydra bites the yaktaur captain!
Your four-headed hydra bites the yaktaur captain but does no damage.
You hear a deafening roar!
You hear a shout! x2
As you read the scroll of fear, it crumbles to dust.
You assume a fearsome visage.
The titan resists with almost no effort.
The ironbound preserver looks frightened!
The storm dragon looks frightened!
The sphinx resists with almost no effort.
The yaktaur captain looks frightened!
The titan resists with almost no effort.
The vault warden looks frightened!
The vault sentinel looks frightened!
The ironbound preserver seems less brilliant.
The yaktaur captain looks more healthy.
The vault sentinel looks more healthy.
The titan is engulfed in blazing flames.
The titan hits your tengu reaver zombie!!
The storm dragon is engulfed in blazing flames.
The storm dragon bites your vault guard zombie.
The storm dragon claws your vault guard zombie.
The storm dragon tramples your vault guard zombie.
Your vault guard zombie holds its ground!
Your tengu reaver zombie is engulfed in blazing flames.
Your tengu reaver zombie is destroyed!
Your four-headed hydra bites the yaktaur captain!
The yaktaur captain dies!
Your vault guard zombie hits the storm dragon but does no damage.
Okay, then.
As you read the scroll of summoning, it crumbles to dust.
Wisps of shadow whirl around you...
The titan is engulfed in blazing flames.
The titan casts a spell at you.
The bolt of lightning hits the storm dragon.
The storm dragon completely resists.
The titan's attack snaps the storm dragon out of its fear.
The bolt of lightning hits you!!
You die...

** * ..#
#...)#W#,, ,
,{ * *,,* .
#..p)#.#, * *
** ,** ,
,,#Q.CC#.#{*
,, , *, ** ,,
*, #.§.Z#.# *
* ** , **,,**
,* #.§D§#.#{ ∆
, * ,
*#H...#.#, ∆
^, * , *
,#.)..#.#,*,*∆
^, * , **,
,#....#.# *, ∆
, , , * , ,
**#@pC.#.#,*
*∆, ,, , ,
,,** ,
#..D.#.#
*,*∆,, *,
,#..p.#{# *
∆,, , *,,**
,#...)#.#{ ∆ ,
** , ,*
#....#.#,* ∆ ,
,, , * , *
*#...p#.# , *
* , ,
,,#.)..#.# ,,
, ,,, * * , *
,,#..))#.# ,
** * * *,, ,
*{,* #....#.#
,{


You could see 2 titans, a storm dragon (distracted, very poisoned, ally target),
a sphinx (empowered, poisoned, ally target), a vault warden (empowered, fleeing,
poisoned), a tengu reaver (poisoned), a vault sentinel (fleeing, catching
breath, ally target), a friendly four-headed hydra (summoned), a friendly vault
sentinel (summoned), a friendly ironbound convoker (summoned), a friendly cactus
giant (summoned) and a friendly vault guard zombie.

Vanquished Creatures
  Frederick (Vaults:4)
  A golden dragon (Vaults:5)
  Zenata (Vaults:2)
  A lich (Vaults:5)
  2 sphinxes
  The ghost of Detar the Severer, an adept HOFi of Beogh (Spider:3)
  2 revenants (Crypt:2)
  Donald (Spider:1)
  5 tengu reavers
  2 fire giants
  A fenstrider witch (Swamp:2)
  10 vault wardens
  2 curse skulls (Crypt:1)
  2 ghost moths
  2 orc warlords
  A stone giant (Vaults:4)
  4 ironbound preservers
  A broodmother (Spider:4)
  9 very ugly things
  A war gargoyle (Vaults:4)
  2 vampire knights
  4 ironbound thunderhulks
  6 eleionomae
  A spark wasp (Spider:4)
  3 dire elephants (Vaults:3)
  A bunyip (Swamp:4)
  A minotaur (Gauntlet)
  2 eidola (Crypt:2)
  An ettin (shapeshifter) (D:15)
  3 ettins
  2 crystal guardians (Vaults:4)
  2 mummy priests (Crypt:2)
  2 jiangshi (Crypt:1)
  A fire dragon (Swamp:4)
  A deep elf high priest (Vaults:5)
  10 yaktaur captains
  30 vault guards
  A great orb of eyes (Vaults:2)
  A quicksilver dragon skeleton (Crypt:1)
  3 peacekeepers
  The ghost of foxicus the Spear-Bearer, a journeyman HOFi of Hepliaklqana (D:10)
  A ghost crab (Swamp:4)
  A jorogumo (Spider:3)
  4 boulder beetles
  13 hydras
  4 two-headed ogres
  9 ironbound frosthearts
  2 demonspawn (Orc:2)
  A fenstrider witch skeleton (Crypt:2)
  5 alligators
  A centaur warrior (D:13)
  2 radroaches
  6 death yaks
  2 vampire magi (Crypt:1)
  Urug (D:12)
  3 orc high priests (Orc:2)
  A death scarab (Spider:3)
  3 spriggans
  2 skysharks
  A soul eater (Orc:2)
  A storm dragon zombie (Crypt:2)
  2 sun moths
  7 skeletal warriors
  2 spectral ghost moths (Spider:3)
  5 pharaoh ants
  A shadow wraith (Vaults:5)
  An ogre zombie (Vaults:4)
  A spriggan rider (Swamp:3)
  9 deep trolls
  8 swamp dragons
  2 flayed ghosts
  2 bog bodies
  A spriggan simulacrum (Crypt:2)
  2 spectral wolf spiders (Spider:3)
  4 orb spiders
  Pikel (D:9)
  4 wizards
  A tengu zombie (Vaults:5)
  15 ironbound convokers
  10 lindwurms
  An ugly thing zombie (D:15)
  5 orc knights
  4 phantasmal warriors
  5 harpies (Vaults:1)
  2 necromancers
  8 steelbarb worms
  8 orc sorcerers
  21 ugly things
  A moth of wrath (Spider:3)
  3 cyclopes
  A manticore (D:11)
  9 wolf spiders
  6 will-o-the-wisps
  A rust devil (Gauntlet)
  6 elephants
  12 vault sentinels
  Joseph (D:7)
  5 black mambas
  5 demonic crawlers
  An eleionoma skeleton (Crypt:1)
  Maggie (D:9)
  3 orange demons (Lair:5)
  A gargoyle (D:11)
  An emperor scorpion simulacrum (Spider:3)
  5 torpor snails
  7 rime drakes
  9 cane toads
  An elephant slug zombie (Crypt:1)
  6 komodo dragons
  Psyche (D:8)
  A swamp worm zombie (Crypt:2)
  3 kobold demonologists (D:9)
  2 ice devils (Lair:5)
  2 efreet
  A ghost moth simulacrum (Spider:3)
  18 yaktaurs
  A queen bee (D:11)
  3 trolls
  2 bloated husks
  6 meliai
  A hydra zombie (Swamp:4)
  4 hornets
  6 polar bears
  14 tarantellas
  2 tyrant leeches
  12 blink frogs
  A sun moth zombie (Spider:4)
  A slime creature (shapeshifter) (Vaults:3)
  22 slime creatures
  22 jumping spiders
  18 culicivoras
  A yak (shapeshifter) (D:13)
  7 humans (D:13)
  2 slime creature zombies
  19 yaks
  A fire bat (shapeshifter) (Vaults:3)
  3 wraiths
  4 basilisks
  5 hogs (Lair:4)
  29 redbacks
  6 vampire mosquitoes
  A hog (shapeshifter) (D:14)
  12 swamp worms
  A two-headed ogre zombie (D:10)
  A warg (shapeshifter) (Vaults:3)
  A warg (Orc:1)
  A merfolk zombie (Crypt:2)
  4 hell hounds (Lair:5)
  A cane toad zombie (Crypt:2)
  9 water moccasins
  2 ice beasts (D:6)
  28 orc warriors
  8 swamp drakes
  A sky beast (D:6)
  A black bear (Lair:4)
  A manticore zombie (Crypt:1)
  6 ogres
  2 boggarts
  A blink frog zombie (Lair:5)
  A hog zombie (D:14)
  16 wolves
  3 centaurs
  A lemure (D:9)
  A hog skeleton (Crypt:1)
  21 kobold brigands
  8 bullfrogs
  2 yaktaur zombies
  3 gnoll sergeants
  2 scorpions
  7 wights
  A spriggan zombie (Crypt:1)
  A polar bear zombie (IceCv)
  31 killer bees
  6 electric eels
  6 howler monkeys
  A wolf zombie (IceCv)
  A bullfrog zombie (Lair:2)
  6 hounds
  4 human zombies
  11 jellies
  A bullfrog skeleton (Crypt:2)
  A gnoll bouda (D:9)
  26 orc priests
  A centaur skeleton (Crypt:2)
  A sleepcap (D:7)
  Ijyb (D:3)
  Natasha (thrice) (D:3)
  6 iguanas
  15 orc wizards
  3 killer bee zombies (D:11)
  A sky beast zombie (Crypt:1)
  Robin (D:3)
  15 adders
  14 gnolls
  A white imp (D:7)
  3 gnoll zombies (D:9)
  6 worms
  A worm (shapeshifter) (Vaults:3)
  3 dart slugs
  108 orcs
  8 ball pythons
  7 bats
  8 endoplasms
  3 giant cockroaches
  12 goblins
  11 hobgoblins
  5 jackals
  5 quokkas
  5 frilled lizards
  43 kobolds
  A kobold zombie (D:9)
  8 orc zombies
  3 rats
  A foxfire (Gauntlet)
1173 creatures vanquished.

Vanquished Creatures (collateral kills)
  An ancient lich (Vaults:4)
  Mennas (Vaults:4)
  A royal mummy (Crypt:2)
  A golden dragon (Vaults:4)
  The ghost of crisisinutopia the Impregnable, an adept MiFi of Okawaru (Vaults:4)
  The ghost of theMacoje the Slayer, an adept OgEn of Okawaru (Vaults:4)
  A lich (Vaults:4)
  A titan (Vaults:5)
  Kirke (Lair:4)
  Agnes (Spider:1)
  A tengu reaver (Vaults:5)
  A thorn hunter (Swamp:3)
  Roxanne (D:15)
  A fenstrider witch (Swamp:3)
  3 emperor scorpions
  4 ghost moths
  2 vault wardens
  4 ironbound preservers
  3 very ugly things (Vaults:1)
  A broodmother (Spider:4)
  2 ironbound thunderhulks
  3 eleionomae
  Nessos (D:15)
  A very ugly thing zombie (Vaults:4)
  A dire elephant (Vaults:3)
  2 bunyips (Swamp:1)
  An ettin (Vaults:5)
  5 yaktaur captains
  Josephine (Lair:4)
  2 shambling mangroves (Swamp:4)
  A great orb of eyes (D:15)
  4 entropy weavers
  Fannar (D:12)
  6 vault guards
  8 hydras
  3 jorogumos
  2 catoblepae (D:13)
  8 ironbound frosthearts
  The ghost of middlethird the Thaumaturge, a journeyman VSEE of Cheibriados (Swamp:1)
  A demonspawn (Orc:2)
  4 two-headed ogres
  5 boulder beetles
  An alligator (Swamp:1)
  2 deep troll earth magi (Vaults:5)
  6 death yaks
  A centaur warrior (D:13)
  An orc high priest (Orc:2)
  3 death scarabs
  2 tengu warriors
  A sun demon (Lair:5)
  A skeletal warrior (Crypt:2)
  2 skysharks (Lair:5)
  A spectral ghost moth (Spider:3)
  3 deep trolls
  6 steelbarb worms
  4 swamp dragons
  A phantasmal warrior (Vaults:5)
  An orb spider (Spider:3)
  5 ironbound convokers
  3 wizards
  2 bog bodies
  A harpy (Vaults:1)
  A deep elf pyromancer (D:15)
  6 lindwurms
  A wolf spider (Spider:2)
  2 orc sorcerers (Orc:2)
  14 ugly things
  An orc knight (Orc:2)
  A will-o-the-wisp (Swamp:1)
  An eleionoma zombie (Swamp:4)
  2 cyclopes
  3 vault sentinels
  5 demonic crawlers
  6 elephants
  3 torpor snails
  The ghost of booth the Ruffian, a novice DrTm of Hepliaklqana (D:5)
  A moth of wrath (D:10)
  6 cane toads
  An orange demon (Lair:5)
  A gargoyle (D:12)
  A redback zombie (Spider:4)
  7 yaktaurs
  A komodo dragon (shapeshifter) (D:15)
  A rime drake (Lair:4)
  2 komodo dragons
  A meliai (Spider:4)
  5 polar bears
  4 tyrant leeches
  2 hellwings
  17 tarantellas
  7 hornets
  8 blink frogs
  A culicivora zombie (Spider:4)
  8 slime creatures
  3 wyverns (Lair:3)
  A spriggan (Swamp:3)
  A water elemental (D:13)
  5 jumping spiders
  13 yaks
  10 culicivoras
  2 humans (Lair:4)
  4 wraiths (Lair:4)
  3 basilisks
  16 redbacks
  3 vampire mosquitoes
  5 swamp worms
  3 water moccasins
  3 wargs
  7 orc warriors
  2 swamp drakes (Swamp:4)
  An elf zombie (D:15)
  An orc zombie (D:12)
  An ogre (Orc:1)
  2 wolves (IceCv)
  2 boggarts (Vaults:1)
  A kobold brigand (D:9)
  3 bullfrogs
  A naga simulacrum (Crypt:2)
  An entropy weaver simulacrum (Spider:3)
  2 wights (D:10)
  3 killer bees (D:11)
  9 jellies (Lair:5)
  A hell rat (Lair:5)
  An orc wizard (Orc:2)
  2 gnolls (D:9)
  A kobold (D:9)
  3 foxfires
378 creatures vanquished.

Vanquished Creatures (others)
  A lich (Vaults:4)
  A quicksilver dragon (Vaults:5)
  2 very ugly thing zombies
  A two-headed ogre (D:5)
  2 death yaks (IceCv)
  A titan zombie (Vaults:5)
  An emperor scorpion zombie (Spider:4)
  A bunyip zombie (Swamp:4)
  A deep troll (Vaults:5)
  3 tengu zombies
  A wizard (Lair:5)
  3 wolf spider zombies
  An ironbound convoker (Vaults:5)
  A jorogumo zombie (Spider:1)
  A fire giant zombie (Vaults:5)
  4 death scarab zombies
  An ice statue (IceCv)
  4 steelbarb worm zombies
  3 death yak zombies
  2 orb spider zombies
  16 redback zombies
  5 demonic crawler zombies
  A bloated husk (Swamp:4)
  A polar bear (IceCv)
  A hydra zombie (Swamp:4)
  3 harpy zombies (Vaults:1)
  A moth of wrath zombie (D:10)
  A sun moth zombie (Spider:1)
  2 alligator zombies (Swamp:1)
  6 jumping spider zombies
  6 culicivora zombies
  4 tarantella zombies (Spider:1)
  4 ettin zombies
  11 ugly thing zombies
  3 meliai zombies
  An elf zombie (Vaults:5)
  10 slime creature zombies
  A black mamba zombie (Lair:2)
  A fire bat zombie (Vaults:3)
  A skyshark zombie (Lair:5)
  A two-headed ogre zombie (D:5)
  5 deep troll zombies
  5 cane toad zombies
  2 entropy weaver zombies
  2 lindwurm zombies (Vaults:4)
  2 elephant zombies (Lair:5)
  3 swamp dragon zombies (Swamp:4)
  5 hog zombies (Lair:4)
  A blink frog zombie (Lair:5)
  A torpor snail zombie (Spider:1)
  5 vampire mosquito zombies
  3 rime drake zombies
  A komodo dragon zombie (D:15)
  14 yaktaur zombies
  A cyclops zombie (D:15)
  3 water moccasin zombies
  A queen bee zombie (D:11)
  2 warg zombies (Orc:2)
  9 yak zombies
  A polar bear zombie (IceCv)
  A howler monkey (D:5)
  9 wolf zombies (IceCv)
  2 bullfrog zombies
  43 human zombies
  3 boggart zombies
  21 killer bee zombies (D:11)
  2 ogre zombies (Orc:2)
  4 howler monkey zombies
  73 orc zombies
  A swamp drake zombie (Swamp:4)
  An iguana zombie (D:5)
  A jelly zombie (Lair:5)
  8 kobold zombies (D:9)
  986 foxfires
1336 creatures vanquished.

Grand Total: 2887 creatures vanquished

Notes
Turn   | Place    | Note
-------+----------+-------------------------------------------
     0 | D:1      | monsoonserge the Djinni Venom Mage began the quest for the
                  | Orb.
     0 | D:1      | monsoonserge set off with the following spells memorised:
                  | Sting, Poisonous Vapours, Mephitic Cloud, Olgreb's Toxic
                  | Radiance.
     0 | D:1      | Reached XP level 1. HP: 15/15 MP: 0/0
    89 | D:1      | Reached XP level 2. HP: 18/21 MP: 0/0
   242 | D:1      | Found a faded altar of an unknown god.
   311 | D:1      | Reached skill level 3 in Spellcasting
   708 | D:1      | Reached XP level 3. HP: 22/25 MP: 0/0
   708 | D:1      | Learned a level 1 spell: Foxfire
  1153 | D:2      | Reached XP level 4. HP: 28/31 MP: 0/0
  1670 | D:3      | Noticed Robin
  1672 | D:3      | Noticed Ijyb
  1679 | D:3      | Reached skill level 1 in Armour
  1679 | D:3      | Killed Ijyb
  1680 | D:3      | Reached skill level 4 in Spellcasting
  1680 | D:3      | Reached XP level 5. HP: 15/35 MP: 0/0
  1680 | D:3      | Learned a level 2 spell: Blink
  1683 | D:3      | Killed Robin
  1879 | D:3      | Noticed Natasha
  1894 | D:3      | Killed Natasha
  1895 | D:3      | Reached XP level 6. HP: 24/40 MP: 0/0
  2193 | D:3      | Noticed Natasha
  2199 | D:3      | Killed Natasha
  2328 | D:3      | Noticed Natasha
  2332 | D:3      | Killed Natasha
  2458 | D:4      | Reached skill level 5 in Spellcasting
  2462 | D:4      | Reached XP level 7. HP: 33/45 MP: 0/0
  2462 | D:4      | Learned a level 3 spell: Confusing Touch
  2477 | D:4      | Found an opulent altar of Gozag.
  2483 | D:4      | Found a shadowy altar of Dithmenos.
  2817 | D:4      | Reached skill level 6 in Spellcasting
  2817 | D:4      | Reached XP level 8. HP: 50/51 MP: 0/0
  3022 | D:4      | Reached skill level 1 in Short Blades
  3339 | D:5      | Entered Level 5 of the Dungeon
  3370 | D:5      | Reached skill level 1 in Shields
  3585 | D:5      | Noticed a two-headed ogre
  3586 | D:5      | Noticed booth's ghost (novice DrTm)
  3611 | D:5      | Found a runed translucent gate.
  3611 | D:5      | Found a runed translucent gate.
  3613 | D:5      | Found a runed translucent gate.
  3904 | D:6      | Reached skill level 7 in Spellcasting
  3997 | D:6      | Reached XP level 9. HP: 55/56 MP: 0/0
  3997 | D:6      | Learned a level 3 spell: Summon Guardian Golem
  4170 | D:6      | Found a staircase to the Ecumenical Temple.
  4182 | D:6      | Found Nezo Eju's Jewellery Emporium.
  4221 | Temple   | Entered the Ecumenical Temple
  4388 | Temple   | Became a worshipper of Elyvilon the Healer
  4441 | D:6      | Reached skill level 8 in Spellcasting
  4664 | D:6      | Found a stormy altar of Qazlal.
  4865 | D:7      | Noticed a troll
  4908 | D:7      | Noticed Joseph
  4966 | D:7      | Reached skill level 1 in Fighting
  5120 | D:7      | Killed a troll
  5121 | D:7      | Reached XP level 10. HP: 60/62 MP: 0/0
  5194 | D:7      | Killed Joseph
  5195 | D:7      | Reached skill level 9 in Spellcasting
  5196 | D:7      | Reached * piety under Elyvilon
  5580 | D:8      | Found the +10 dark maul {heavy}
  5639 | D:8      | Noticed Psyche
  5649 | D:8      | Killed Psyche
  5716 | D:8      | Reached skill level 1 in Invocations
  5824 | D:8      | Found a staircase to the Lair.
  6053 | D:8      | Found a basalt altar of Yredelemnul.
  6054 | D:8      | Found a snail-covered altar of Cheibriados.
  6054 | D:8      | Found a broken altar of Ashenzari.
  6057 | D:8      | Found an iron altar of Okawaru.
  6058 | D:8      | Found a bloodstained altar of Trog.
  6224 | D:9      | Reached skill level 10 in Spellcasting
  6308 | D:9      | Reached ** piety under Elyvilon
  6430 | D:9      | Noticed a sun demon
  6430 | D:9      | Noticed a kobold demonologist
  6435 | D:9      | Noticed an ice devil
  6439 | D:9      | Noticed a rust devil
  6443 | D:9      | Killed a kobold demonologist
  6670 | D:9      | Reached skill level 5 in Shields
  6670 | D:9      | Reached XP level 11. HP: 67/67 MP: 0/0
  6670 | D:9      | Learned a level 4 spell: Animate Dead
  6755 | D:8      | Fell from the grace of Elyvilon
  6755 | D:8      | Became a worshipper of Ashenzari the Shackled
  7014 | D:9      | Noticed Pikel
  7024 | D:9      | Killed Pikel
  7098 | D:9      | Reached skill level 11 in Spellcasting
  7300 | D:9      | Noticed Maggie
  7316 | D:9      | Killed Maggie
  7378 | D:9      | Reached skill level 1 in Long Blades
  8097 | D:5      | Killed a two-headed ogre
  8101 | D:5      | Killed booth's ghost
  8237 | D:10     | Entered Level 10 of the Dungeon
  8492 | D:10     | Noticed a two-headed ogre
  8507 | D:10     | Killed a two-headed ogre
  8597 | D:10     | Found a transporter.
  8602 | D:10     | Found a bloodstained altar of Trog.
  8602 | D:10     | Noticed a two-headed ogre
  8604 | D:10     | Noticed a tengu warrior
  8604 | D:10     | Noticed foxicus's ghost (journeyman HOFi)
  8604 | D:10     | Noticed a two-headed ogre
  8638 | D:10     | Reached * piety under Ashenzari
  8755 | D:10     | Noticed a moth of wrath
  8757 | D:10     | Found a transporter.
  8757 | D:10     | Noticed a two-headed ogre
  9075 | D:11     | Noticed a manticore
  9145 | D:11     | Noticed a skeletal warrior
  9145 | D:11     | Noticed a skeletal warrior
  9183 | D:12     | Noticed a boulder beetle
  9184 | D:12     | Reached ** piety under Ashenzari
  9209 | D:11     | Killed a boulder beetle
  9210 | D:11     | Reached skill level 12 in Spellcasting
  9210 | D:11     | Reached XP level 12. HP: 27/76 MP: 0/0
  9218 | D:11     | Noticed a skeletal warrior
  9233 | D:11     | Noticed a skeletal warrior
  9266 | D:11     | Noticed a two-headed ogre
  9342 | D:12     | Found a gate leading to a gauntlet.
  9349 | Gauntlet | Entered a Gauntlet
  9349 | Gauntlet | Found a transporter.
  9375 | Gauntlet | Found a transporter.
  9379 | Gauntlet | Found a transporter.
  9383 | Gauntlet | Noticed a soul eater
  9385 | Gauntlet | Found a transporter.
  9392 | Gauntlet | Found a transporter.
  9396 | Gauntlet | Found a transporter.
  9400 | Gauntlet | Found a runed translucent door.
  9400 | Gauntlet | Found a runed translucent door.
  9401 | Gauntlet | Found a transporter.
  9407 | Gauntlet | Found a transporter.
  9411 | Gauntlet | Found a transporter.
  9417 | Gauntlet | Found a transporter.
  9431 | Gauntlet | Found a transporter.
  9432 | Gauntlet | Found a transporter.
  9437 | Gauntlet | Found a transporter.
  9438 | Gauntlet | Reached *** piety under Ashenzari
  9445 | Gauntlet | Found a transporter.
  9815 | Gauntlet | Identified the +8 morningstar of the Vine {freeze, Str+4
                  | Int+3 Stlth+}
  9815 | Gauntlet | Noticed a minotaur
  9837 | Gauntlet | Killed a minotaur
  9949 | D:12     | Noticed Fannar
  9962 | D:11     | Found a staircase to the Orcish Mines.
 10173 | D:11     | Killed a two-headed ogre
 10356 | Lair:1   | Entered Level 1 of the Lair of Beasts
 10375 | Lair:1   | Found a frozen archway.
 10384 | Lair:1   | Reached skill level 1 in Maces & Flails
 10543 | IceCv    | Entered an ice cave
 10654 | IceCv    | Reached skill level 13 in Spellcasting
 10783 | IceCv    | Noticed a death yak
 10794 | IceCv    | Killed a death yak
 10795 | IceCv    | Reached skill level 1 in Evocations
 10889 | IceCv    | Noticed a death yak
 10889 | IceCv    | Noticed a death yak
 10890 | IceCv    | Noticed a death yak
 10896 | IceCv    | Killed a death yak
 10897 | IceCv    | Reached XP level 13. HP: 85/85 MP: 0/0
 10897 | IceCv    | Learned a level 5 spell: Arcjolt
 10939 | IceCv    | Noticed an ironbound frostheart
 10940 | IceCv    | Noticed an ironbound frostheart
 10948 | IceCv    | Reached skill level 5 in Armour
 10954 | IceCv    | Killed an ironbound frostheart
 10956 | IceCv    | Killed an ironbound frostheart
 11310 | Lair:1   | Reached skill level 14 in Spellcasting
 11684 | Lair:2   | Reached skill level 5 in Dodging
 11762 | Lair:2   | Reached skill level 5 in Maces & Flails
 11797 | Lair:2   | Found a hole to the Spider Nest.
 11828 | Lair:2   | Reached XP level 14. HP: 45/94 MP: 0/0
 11999 | Lair:2   | Reached skill level 5 in Fighting
 12455 | Lair:3   | Found a staircase to the Swamp.
 12547 | Lair:3   | Reached **** piety under Ashenzari
 13039 | Lair:4   | Noticed Kirke
 13046 | Lair:4   | Killed Kirke
 13047 | Lair:4   | Reached skill level 1 in Throwing
 13084 | Lair:4   | Reached ***** piety under Ashenzari
 13247 | Lair:4   | Noticed Josephine
 13263 | Lair:4   | Killed Josephine
 13997 | Lair:5   | Entered Level 5 of the Lair of Beasts
 14025 | Lair:5   | Reached XP level 15. HP: 98/111 MP: 0/0
 14025 | Lair:5   | Learned a level 6 spell: Summon Cactus Giant
 14052 | Lair:5   | Found a staircase to the Slime Pits.
 14780 | Lair:5   | Reached skill level 5 in Stealth
 14787 | Lair:5   | Found a burning altar of Makhleb.
 14801 | Lair:5   | Reached skill level 15 in Spellcasting
 14808 | Lair:5   | Found a gateway to Hell.
 15405 | Orc:1    | Entered Level 1 of the Orcish Mines
 15674 | Orc:2    | Entered Level 2 of the Orcish Mines
 15742 | Orc:2    | Found Ikhamilo's Magic Scroll Emporium.
 15744 | Orc:2    | Found Beynwaac's Magic Scroll Shoppe.
 15994 | Orc:2    | Found a staircase to the Elven Halls.
 16483 | Orc:2    | Reached XP level 16. HP: 81/121 MP: 0/0
 16509 | Orc:2    | Found Odyczygh's Jewellery Boutique.
 16509 | Orc:2    | Found Voliryb's Antique Armour Shop.
 16510 | Orc:2    | Found a one-way gate leading to the halls of Pandemonium.
 16534 | Orc:2    | Bought an embroidered cloak for 217 gold pieces
 16541 | Orc:2    | Reached ****** piety under Ashenzari
 16545 | Orc:2    | Bought the ring "Kois" {Drain rC+++ AC+4 SInv Stlth-} for
                  | 752 gold pieces
 16819 | Orc:1    | Found Moim's Assorted Antiques.
 17859 | D:12     | Noticed Urug
 17871 | D:12     | Killed Urug
 17884 | D:12     | Killed Fannar
 18921 | D:13     | Found a gate to the Vaults.
 19561 | D:14     | Reached skill level 10 in Shields
 19568 | D:14     | Reached XP level 17. HP: 105/133 MP: 0/0
 19568 | D:14     | Learned a level 7 spell: Orb of Destruction
 19743 | D:14     | Found a blossoming altar of Fedhas.
 19822 | D:15     | Entered Level 15 of the Dungeon
 19923 | D:15     | Noticed Roxanne
 20015 | D:15     | Killed Roxanne
 20101 | D:15     | Reached skill level 16 in Spellcasting
 20230 | D:15     | Reached skill level 10 in Fighting
 20296 | D:15     | Found a staircase to the Depths.
 20522 | D:15     | Noticed Nessos
 20531 | D:15     | Killed Nessos
 20878 | Spider:1 | Entered Level 1 of the Spider Nest
 20925 | Spider:1 | Reached XP level 18. HP: 91/142 MP: 0/0
 20964 | Spider:1 | Noticed Donald
 20978 | Spider:1 | Killed Donald
 21005 | Spider:1 | Noticed Agnes
 21028 | Spider:1 | Killed Agnes
 21313 | Spider:1 | Identified the staff of air "Kaexot" {+Blink rElec}
 21672 | Spider:2 | Reached skill level 10 in Maces & Flails
 22125 | Spider:3 | Reached XP level 19. HP: 145/148 MP: 0/0
 22125 | Spider:3 | Learned a level 7 spell: Haunt
 22298 | Spider:3 | Reached skill level 17 in Spellcasting
 22329 | Spider:3 | Identified the +1 leather armour "Bobraj" {Will+++ Str-4
                  | SInv Stlth+}
 22332 | Spider:3 | Identified the -2 cloak of the Unbroken {rN+}
 22337 | Spider:3 | Found a transporter.
 22379 | Spider:3 | Found a transporter.
 22380 | Spider:3 | Noticed Detar's ghost (adept HOFi)
 22788 | Spider:4 | Entered Level 4 of the Spider Nest
 23144 | Spider:4 | Reached skill level 5 in Evocations
 23531 | Spider:4 | Identified the +0 pair of boots of Valiance {rN+}
 23567 | Spider:4 | Got a gossamer rune of Zot
 23861 | Swamp:1  | Entered Level 1 of the Swamp
 24109 | Swamp:1  | Found a runed translucent door.
 24109 | Swamp:1  | Noticed middlethird's ghost (journeyman VSEE)
 24305 | Swamp:1  | Killed middlethird's ghost
 24624 | Swamp:2  | Reached skill level 18 in Spellcasting
 24775 | Swamp:2  | Reached XP level 20. HP: 143/155 MP: 0/0
 25099 | Swamp:3  | Identified the +10 plate armour "Gedauvia" {*Corrode rF+
                  | rN+ Int+2}
 25620 | Swamp:4  | Entered Level 4 of the Swamp
 26102 | Swamp:4  | Got a decaying rune of Zot
 26596 | Spider:3 | Killed Detar's ghost
 26867 | D:10     | Killed foxicus's ghost
 27124 | Vaults:1 | Entered Level 1 of the Vaults
 27124 | Vaults:1 | Found Zapiceq's Book Boutique.
 27713 | Vaults:1 | Reached XP level 21. HP: 121/164 MP: 0/0
 27713 | Vaults:1 | Learned a level 7 spell: Enfeeble
 28082 | Vaults:2 | Noticed Zenata
 28090 | Vaults:2 | Killed Zenata
 28158 | Vaults:2 | Your ally Zenata died
 28730 | Vaults:2 | Reached skill level 19 in Spellcasting
 28840 | Vaults:2 | Identified the +3 chain mail "Peorr" {*Corrode rElec Str+4
                  | SInv}
 29078 | Vaults:2 | Found a staircase to the Crypt.
 29078 | Vaults:2 | Found a basalt altar of Yredelemnul.
 29271 | Vaults:2 | Identified the +0 pair of boots of Bad Feelings {Will+}
 30066 | Vaults:3 | Reached skill level 10 in Dodging
 30662 | Vaults:3 | Reached XP level 22. HP: 137/178 MP: 0/0
 31610 | Vaults:4 | Noticed Mennas
 31666 | Vaults:4 | Killed Mennas
 32564 | Vaults:4 | Noticed a golden dragon
 32578 | Vaults:4 | Killed a golden dragon
 32647 | Vaults:4 | Found a runed translucent gate.
 32647 | Vaults:4 | Identified the Compendium of Damage
 32648 | Vaults:4 | Found a runed translucent gate.
 32648 | Vaults:4 | Found a runed translucent gate.
 32648 | Vaults:4 | Noticed theMacoje's ghost (adept OgEn)
 32648 | Vaults:4 | Noticed crisisinutopia's ghost (adept MiFi)
 32648 | Vaults:4 | Noticed an ancient lich
 32648 | Vaults:4 | Identified the +0 pair of gloves of Action {rN++ Str-3}
 32648 | Vaults:4 | Identified the ring of Tots {Fly Will++}
 32748 | Vaults:4 | Noticed Frederick
 32754 | Vaults:4 | Killed Frederick
 32937 | Vaults:4 | Killed crisisinutopia's ghost
 32940 | Vaults:4 | Killed theMacoje's ghost
 32946 | Vaults:4 | Killed an ancient lich
 33135 | Crypt:1  | Entered Level 1 of the Crypt
 33391 | Crypt:1  | Reached skill level 15 in Fighting
 34590 | Crypt:2  | Reached XP level 23. HP: 155/185 MP: 0/0
 34590 | Crypt:2  | Learned a level 7 spell: Summon Hydra
 34775 | Crypt:2  | Noticed a royal mummy
 34787 | Crypt:2  | Killed a royal mummy
 35330 | Vaults:5 | Entered Level 5 of the Vaults
 35361 | Vaults:5 | HP: 8/186 [deep troll earth mage/blast of crystal shards
                  | (30)]
 35361 | Vaults:5 | HP: 2/186 [yaktaur captain/bolt (6)]
 35425 | Vaults:5 | Noticed a golden dragon
 35610 | Vaults:5 | Killed a golden dragon
 35658 | Vaults:5 | HP: 9/186 [yaktaur captain/bolt (18)]
 35662 | Vaults:5 | Killed from afar by a titan

Illustrated notes

Levels and vault maps discovered:
D:1:      nicolae_arrival_memento_mori, layout_basic,
          dilly_ecumenical_altar_fadedgnrine, minmay_pentomino_z4
D:2:      layout_basic
D:3:      layout_loops_ring, uniq_natasha, uniq_robin, uniq_ijyb
D:4:      layout_loops_ring, grunt_temple_overflow_open, minmay_snake_closets
D:5:      layout_basic, gammafunk_ghost_split, minivault_11, uniq_sigmund
D:6:      layout_loops_ring, kennysheep_mini_moat, minmay_temple_entry_statues,
          minmay_shop_enchanted_jewellery
D:7:      layout_basic, kennysheep_generic_room_13, uniq_joseph
D:8:      layout_rooms, minitemple, erik_lair_island, uniq_psyche
D:9:      layout_grid_maze, special_room [special_room_kobold], minivault_5,
          uniq_maggie, uniq_pikel
D:10:     layout_irregular_city, gammafunk_ghost_wrathful_warriors,
          serial_rivers, chequers_serial_rivers_micro_c,
          chequers_serial_rivers_small_b, chequers_serial_rivers_micro_d,
          chequers_serial_rivers_small_3, chequers_serial_rivers_micro_d,
          chequers_serial_rivers_large_b
D:11:     layout_loops_cross, hiddenorc2_lemuel, special_room [special_room_bee]
D:12:     layout_irregular_city, gauntlet_entry_generic, uniq_fannar, uniq_urug
D:13:     layout_basic, ximxim_vaults_locker_room, special_room
          [special_room_orc]
D:14:     layout_rooms, fedhas_altar_1
D:15:     gammafunk_enter_depths_forms, layout_cave_pools, uniq_roxanne,
          uniq_nessos
Temple:   nicolae_temple_bog_church
Lair:1:   layout_cellular_growth, special_room, portal_ice_cave_rime,
          lemuel_fruit_tree, grunt_megastairs_5, infiniplex_staircase_pool,
          serial_bayou_shore_b
Lair:2:   layout_hall_layers, nicolae_spider_entry_tight_spaces, st_stairs_12
Lair:3:   layout_big_grid, minmay_swamp_entry_worms, grunt_megastairs_1,
          lemuel_fruit_fields, lemuel_fruit_fields, infiniplex_staircase_pool_2,
          serial_bayou_shore_b
Lair:4:   layout_cellular_growth, worms_lemuel, serial_bayou_shore_a,
          uniq_josephine, uniq_kirke
Lair:5:   evil_forest, layout_gridlike, minmay_slime_entry_jelly_boxes,
          chequers_serial_rivers_large_a, chequers_serial_rivers_small_b
Swamp:1:  layout_basic_swamp, hellmonk_ghost_happy_afterlife,
          evilmike_swamp_ruin_rubble_1
Swamp:2:  layout_basic_swamp, hangedman_swamp_pad, swamp_pool4,
          nzn_swamp_dancing_lights
Swamp:3:  layout_falls_marsh, evilmike_swamp_ruin_rubble_2
Swamp:4:  swamp, layout_basic_swamp
Spider:1: layout_spider_delve, uniq_agnes, uniq_donald
Spider:2: layout_spider_delve
Spider:3: nicolae_spider_obnoxious_hallway, gammafunk_ghost_mausoleum,
          nicolae_spider_eight_legs
Spider:4: hellmonk_spider_rune_bug_friends, drop_trap, hellmonk_spider_spawner
Orc:1:    layout_caves, serial_shops, shop_fountains
Orc:2:    pf_orc_diabolical, layout_caves
Vaults:1: ontoclasm_vaults_ligature, nicolae_vaults_network_periphery,
          nicolae_vaults_cornered_office, v_pattern_2,
          nicolae_vaults_storage_closets_1, hangedman_vaults_unwind,
          nicolae_vaults_house_3, nicolae_vaults_prndl,
          nicolae_vaults_border_crossing, vaults_room_hallway,
          ontoclasm_vaults_decontamination, layout_vaults_maze_snakey,
          serial_shops, nicolae_shop_peninsula
Vaults:2: vaults_dpeg_doors, v_pattern_4, st_cells,
          nicolae_vaults_closet_pinwheel_4, nicolae_vaults_sesquioval_fish,
          nicolae_vaults_wrenched, minmay_crypt_entry_necro_gods,
          hangedman_vaults_snaps, vaults_standard_mumra_lines,
          nicolae_vaults_offset_grid_hallway_2, nicolae_vaults_little_squares_1,
          nicolae_vaults_storage_room_statues, nicolae_vaults_tetromino_T_2,
          layout_vaults_ring, uniq_zenata
Vaults:3: nicolae_vaults_variable_pillar_hall_cross, v_misc_24,
          nicolae_vaults_loss_of_containment, nicolae_vaults_six-pack,
          v_misc_24, grunt_vaults_hallway_long, vaults_standard_mumra_x,
          dpeg_vaults_monster_box, nicolae_vaults_tetromino_T_1,
          hangedman_vaults_stagger, layout_vaults_omnigrid
Vaults:4: gammafunk_ghost_crypt, nicolae_vaults_doubleplus_tesselated,
          v_misc_17, vaults_room_glass_cross,
          vaults_standard_mumra_enter_the_diamond, grunt_vaults_hallway_short,
          grunt_vaults_twisty, hangedman_vaults_corner, hangedman_vaults_slice,
          hangedman_vaults_capsules, nicolae_vaults_double_plus_1,
          ontoclasm_vaults_idyll, layout_vaults_omnicross, uniq_mennas,
          uniq_frederick
Vaults:5: serial_shops
Crypt:1:  layout_catacombs
Crypt:2:  minmay_guarded_unrand_sceptre_of_torment, layout_gridlike

Skill      XL: |  1  2  3  4  5  6  7  8  9 10 11 12 13 14 15 16 17 18 19 20 21 22 23 |
---------------+----------------------------------------------------------------------+-----
Spellcasting   | 3 4 5 6 7 8 10 12 13 14 15 16 18 19 | 19.2
Armour         | 1 2 3 4 5 6 |  6.1
Stealth        | 2 3 4 5 6 7 8 9 |  9.3
Short Blades   | 1 2 |  2.0
Dodging        | 3 4 5 6 7 8 9 10 11 | 11.9
Shields        | 1 3 5 6 7 8 9 10 11 12 13 14 | 14.9
Fighting       | 1 2 4 6 8 9 10 11 12 13 15 | 15.5
Invocations    | 1 |  1.3
Long Blades    | 1 |  1.8
Maces & Flails | 2 5 6 8 9 10 11 12 13 | 13.7
Evocations     | 1 3 4 5 |  5.0
Throwing       | 2 |  2.2

Action                     |  1- 3 |  4- 6 |  7- 9 | 10-12 | 13-15 | 16-18 | 19-21 | 22-24 || total
---------------------------+-------+-------+-------+-------+-------+-------+-------+-------++-------
  Melee: Unarmed           |     1 |       |       |       |       |       |       |       ||     1
         Short sword       |     6 |     1 |       |       |       |       |       |       ||     7
         Staff             |       |     1 |       |       |       |       |       |       ||     1
         Dagger            |       |    12 |    56 |    19 |       |       |       |       ||    87
         Scimitar          |       |       |       |    67 |       |       |       |       ||    67
         Morningstar       |       |       |       |    36 |   307 |   255 |   439 |   197 ||  1234
  Throw: Javelin           |       |       |       |     1 |       |       |       |       ||     1
   Cast: Sting             |    38 |    44 |    52 |    73 |    23 |    14 |    10 |       ||   254
         Poisonous Vapours |     2 |    13 |    17 |    31 |     8 |     9 |    21 |     3 ||   104
         Foxfire           |    27 |    26 |   105 |   238 |    99 |    34 |     8 |     1 ||   538
         Olgreb's Toxic Ra |       |     2 |     8 |    40 |    47 |    72 |    97 |    32 ||   298
         Mephitic Cloud    |       |       |     5 |    40 |    27 |    24 |    23 |    25 ||   144
         Blink             |       |       |     2 |    12 |     2 |     2 |     2 |     8 ||    28
         Confusing Touch   |       |       |     2 |     1 |       |     1 |       |       ||     4
         Animate Dead      |       |       |       |    11 |    11 |    14 |    20 |     7 ||    63
         Summon Guardian G |       |       |       |     6 |     2 |     1 |     1 |     9 ||    19
         Arcjolt           |       |       |       |       |     8 |    22 |    26 |    21 ||    77
         Summon Cactus Gia |       |       |       |       |    10 |    17 |    10 |    15 ||    52
         Orb of Destructio |       |       |       |       |       |    12 |   118 |    85 ||   215
         Haunt             |       |       |       |       |       |       |    40 |    19 ||    59
         Enfeeble          |       |       |       |       |       |       |       |     5 ||     5
         Summon Hydra      |       |       |       |       |       |       |       |     8 ||     8
 Invoke: Curse Item        |       |       |       |     5 |     4 |     2 |     1 |       ||    12
         Shatter the Chain |       |       |       |       |     1 |     1 |     1 |     1 ||     4
    Use: Scroll            |       |       |    10 |     5 |     1 |       |       |     5 ||    21
         Potion            |       |       |       |     1 |     1 |     1 |       |    16 ||    19
   Stab: Sleeping          |       |     1 |       |       |     7 |     4 |     4 |       ||    16
         Confused          |       |       |     1 |     8 |    10 |    11 |    12 |     8 ||    50
         Distracted        |       |       |       |     1 |     5 |     5 |    16 |     7 ||    34
 Armour: Robe              |     3 |       |       |       |       |       |       |       ||     3
         Leather armour    |       |    10 |    27 |       |       |       |       |       ||    37
         Troll leather arm |       |       |       |    30 |    90 |    64 |    89 |    35 ||   308
  Dodge: Dodged            |    13 |    13 |    61 |   106 |   127 |   137 |   209 |   100 ||   766
  Block: Buckler           |       |       |    18 |    11 |       |       |       |       ||    29
         Kite shield       |       |       |       |    76 |       |       |       |       ||    76
         Tower shield      |       |       |       |       |   351 |   328 |   495 |   270 ||  1444
